 Dungeon Crawl Stone Soup version 0.28.0-45-g0d030f2227 (webtiles) character file.

Game seed: 16501213850814247917

1414 seaoflcl the Covered (level 9, -2/68 HPs)
             Began as a Human Fighter on Apr 11, 2022.
             Was an Initiate of Gozag.
             Slain by a wyvern zombie (9 damage)
             ... on level 7 of the Dungeon.
             The game lasted 00:09:25 (7396 turns).

seaoflcl the Covered (Human Fighter)                Turns: 7396, Time: 00:09:26

Health: -2/68      AC: 11    Str: 18 (21) XL:     9   Next: 2%
Magic:  9/9        EV: 11    Int:  7 (9)  God:    Gozag
Gold:   799        SH:  4    Dex: 10 (12) Spells: 8/8 levels left

rFire   . . .      SeeInvis .   w - +2 spear (flame)
rCold   . . .      Faith    .   c - +0 buckler
rNeg    + . .      Spirit   .   v - +0 chain mail
rPois   .          Reflect  .   (no helmet)
rElec   .          Harm     .   d - +0 cloak
rCorr   .          Rampage  .   (no gloves)
Will    .....                   (no boots)
Stlth   ..........              f - amulet of magic regeneration
HPRegen 0.21/turn               r - ring of positive energy
MPRegen 0.51/turn               b - +4 ring of evasion

@: attractive, flying
A: no striking features
a: Renounce Religion, Potion Petition, Call Merchant, Bribe Branch


You were on level 7 of the Dungeon.
You worshipped Gozag.
Gozag was pleased with you.
You visited 1 branch of the dungeon, and saw 7 of its levels.
You also visited: Ossuary.

You collected 910 gold pieces.
You paid 111 gold pieces to Gozag.

Inventory:

Hand Weapons
 a - a +0 long sword
 k - a +1 dagger of venom
 w - a +2 spear of flaming (weapon)
Missiles
 m - 2 throwing nets (quivered)
Armour
 c - a +0 buckler (worn)
 d - a +0 cloak (worn)
 v - a +0 chain mail (worn)
Magical Staves
 j - a staff of poison
Jewellery
 b - a +4 ring of evasion (right hand)
 f - an amulet of magic regeneration (around neck)
 r - a ring of positive energy (left hand)
 y - a ring of willpower
Scrolls
 e - a scroll of immolation
 h - a scroll of teleportation
 i - a scroll of summoning {unknown}
 l - a scroll of amnesia {unknown}
 p - 2 scrolls of fear
 u - a scroll of enchant weapon {unknown}
 z - a scroll of magic mapping {unknown}
Potions
 o - a potion of cancellation
 s - 2 potions of mutation


   Skills:
 + Level 5.1 Fighting
 + Level 5.1(5.5) Short Blades
 + Level 2.7(4.3) Long Blades
 + Level 2.7 Polearms
 + Level 6.4 Armour
 + Level 2.2 Dodging
 + Level 0.6 Stealth
 + Level 4.2 Shields


You had 8 spell levels left.
You didn't know any spells.
Your spell library contained the following spells:

 Spells                   Type           Power      Damage    Failure   Level
 Frozen Ramparts          Ice            0%         1d2       100%        3
 Gell's Gravitas          Tloc           0%         N/A       100%        3
 Teleport Other           Tloc           0%         N/A       100%        3
 Ice Form                 Ice/Tmut       0%         N/A       100%        4
 Summon Ice Beast         Ice/Summ       0%         N/A       100%        4
 Dispersal                Tloc           0%         N/A       100%        6


Dungeon Overview and Level Annotations

Branches:
Dungeon (7/15)             Temple (0/1) D:4         Ossuary (visited)

Altars:
Ashenzari
Elyvilon
Gozag
Hepliaklqana
Trog
Zin


Message History

There was something very wrong with that liquid.
You feel weakened.
You feel dopey.
You feel clumsy.
The wyvern zombie bites you but does no damage.
The wyvern zombie barely misses you.
It was a potion of flight.
You feel very buoyant.
You fly up into the air.
The wyvern zombie barely misses you. Something is attracted toward you.
You puncture the wyvern zombie! You burn the wyvern zombie.
The wyvern zombie is moderately damaged.
You closely miss something. The orc is attracted toward you.
You puncture the wyvern zombie! You burn the wyvern zombie.
The wyvern zombie is heavily damaged.
The orc throws a boomerang.
The wyvern zombie bites you.
* * * LOW HITPOINT WARNING * * *
The orc is attracted toward you.
You hit the wyvern zombie. You burn the wyvern zombie.
The wyvern zombie is heavily damaged.
The orc barely misses you. Something hits you but does no damage.
You block the wyvern zombie's attack.
You hit the wyvern zombie but do no damage.
The wyvern zombie is heavily damaged.
An orc wizard appears from thin air!
Reactivating autopickup.
The wyvern zombie bites you!
* * * LOW HITPOINT WARNING * * *
The orc hits you but does no damage. The orc wizard completely misses you.
The wyvern zombie bites you.
* * * LOW HITPOINT WARNING * * *
As you read the scroll of fear, it crumbles to dust.
You assume a fearsome visage.
The orc wizard looks frightened!
The orc looks frightened!
The wyvern zombie is unaffected.
The orc wizard gestures wildly while chanting.
The orc wizard flickers and vanishes!
Deactivating autopickup; reactivate with Ctrl-A.
The wyvern zombie closely misses you. The orc is attracted toward you.
As you read the scroll of fog, it crumbles to dust.
The scroll dissolves into smoke.
The wyvern zombie bites you!
You die...
Your body crumbles into a pile of gold.

.. # .... .>##.
...... ....## .......
#. ... ....... ##.
#.##.8...... #
##..####..##..#...
>..#.§.{#§§$........#
.....§§§o..........#
.###..§@#..........#
#..§§§Z#...##.#.#
.....#§#8.###.8## #
.#..............#
#...#..........##
...####........<.# .
.......#..#..###
.......#.###.#
.......<.# ###


You could see an orc (fleeing) and a wyvern zombie.

Vanquished Creatures
  Grinder (D:4)
  A necrophage (D:5)
  An ice beast (D:7)
  An ogre (D:4)
  A bullfrog (D:6)
  A scorpion (D:5)
  A wyvern skeleton (D:5)
  A centaur skeleton (D:4)
  4 hounds
  A bullfrog skeleton (D:6)
  A jelly (D:5)
  A gnoll shaman (D:6)
  7 iguanas
  5 orc wizards
  2 mummies (Ossuary)
  A howler monkey zombie (D:6)
  3 gnolls (D:6)
  7 adders
  A white imp (D:6)
  An ufetubus (D:5)
  2 adder skeletons (D:4)
  3 dart slugs
  4 orcs
  6 ball pythons
  4 endoplasms
  A giant cockroach (D:6)
  2 gnoll zombies (Ossuary)
  A goblin (D:2)
  4 hobgoblins
  3 quokkas
  A frilled lizard (D:3)
  5 gnoll skeletons (Ossuary)
  5 goblin skeletons (Ossuary)
  4 goblin zombies (Ossuary)
  2 hobgoblin skeletons (Ossuary)
  3 hobgoblin zombies (Ossuary)
  5 kobolds
  3 kobold skeletons (Ossuary)
  3 kobold zombies (Ossuary)
  5 orc skeletons (Ossuary)
  6 orc zombies (Ossuary)
  6 rats
  3 rat skeletons (Ossuary)
  7 rat zombies (Ossuary)
130 creatures vanquished.

Notes
Turn   | Place    | Note
-------+----------+-------------------------------------------
     0 | D:1      | seaoflcl the Human Fighter began the quest for the Orb.
     0 | D:1      | Reached XP level 1. HP: 18/18 MP: 1/1
   626 | D:1      | Reached XP level 2. HP: 24/24 MP: 2/2
  1013 | D:2      | Reached XP level 3. HP: 15/29 MP: 3/3
  1934 | D:3      | Found a faded altar of an unknown god.
  1995 | D:3      | Reached XP level 4. HP: 32/36 MP: 4/4
  2076 | D:3      | Found a broken altar of Ashenzari.
  2592 | D:4      | Noticed Grinder
  2593 | D:4      | Paralysed by Grinder for 2 turns
  2607 | D:4      | Paralysed by Grinder for 3 turns
  2620 | D:4      | Killed Grinder
  2621 | D:4      | Reached skill level 4 in Armour
  2621 | D:4      | Reached XP level 5. HP: 16/42 MP: 5/5
  2621 | D:4      | Reached XP level 6. HP: 18/48 MP: 6/6
  2623 | D:4      | Reached skill level 1 in Dodging
  2840 | D:4      | Found an opulent altar of Gozag.
  2996 | D:4      | Noticed an ogre
  3002 | D:4      | Killed an ogre
  3003 | D:4      | Reached XP level 7. HP: 55/55 MP: 7/7
  3127 | D:4      | Found an opulent altar of Gozag.
  3128 | D:4      | Found an opulent altar of Gozag.
  3166 | D:4      | Became a worshipper of Gozag Ym Sagoz the Greedy
  3172 | D:4      | Found an opulent altar of Gozag.
  3269 | D:4      | Found a staircase to the Ecumenical Temple.
  3413 | D:5      | Entered Level 5 of the Dungeon
  3499 | D:5      | Reached skill level 5 in Armour
  4384 | D:5      | Found a hazy altar of Hepliaklqana.
  4384 | D:5      | Found a glowing silver altar of Zin.
  4390 | D:5      | Reached XP level 8. HP: 61/61 MP: 8/8
  4392 | D:5      | Noticed an angel
  4906 | D:5      | Found a bloodstained altar of Trog.
  5328 | D:6      | Reached skill level 5 in Short Blades
  5983 | D:6      | Reached skill level 5 in Fighting
  5983 | D:6      | Reached skill level 6 in Armour
  6041 | D:6      | Found a white marble altar of Elyvilon.
  6477 | D:6      | Reached skill level 1 in Polearms
  6763 | D:7      | Found a sand-covered staircase.
  6773 | Ossuary  | Entered an ossuary
  7171 | Ossuary  | Noticed Menkaure
  7183 | Ossuary  | HP: 3/93 [Menkaure/nerve-wracking pain (4)]
  7354 | D:7      | Reached XP level 9. HP: 41/68 MP: 9/9
  7396 | D:7      | Slain by a wyvern zombie

Illustrated notes

Levels and vault maps discovered:
D:1:      dpeg_arrival_rooms_b, layout_basic, hangedman_decor_slide_cut,
          minmay_misc_feat_pillars
D:2:      layout_loops_ring
D:3:      layout_loops_ring, cheibrodos_ashenzari_chains,
          shapermc_ecumenical_altar_petra
D:4:      layout_loops_cross, nicolae_gozag_conspicuous_consumption,
          minmay_temple_entry_gardened_gates, uniq_grinder
D:5:      layout_rooms, trog_book, zin_angel, nicolae_overflow_hidden_temple,
          minmay_misc_feat_room, minmay_a_box_with_orc_wizards_in_it
D:6:      layout_basic, mainiacjoe_overflow_small_starburst,
          portal_sewer_entry_b
D:7:      layout_cave_pools, okawaru_humans,
          lightli_ossuary_entry_decrepit_ruins, abandoned_shop

Skill      XL: |  1  2  3  4  5  6  7  8 |
---------------+-------------------------+-----
Fighting       | 4 5 |  5.1
Short Blades   | 2 3 5 |  5.1
Armour         | 4 5 6 |  6.4
Dodging        | 1 2 |  2.2
Shields        | 4 |  4.2
Polearms       | 2 |  2.7
Long Blades    | |  2.7
Stealth        | |  0.6

Action                   |  1- 3 |  4- 6 |  7- 9 || total
-------------------------+-------+-------+-------++-------
Melee: Long sword        |    17 |       |       ||    17
       Dagger            |    62 |    27 |   208 ||   297
       Spear             |       |       |   263 ||   263
  Use: Potion            |       |     2 |     4 ||     6
       Scroll            |       |       |    10 ||    10
 Stab: Distracted        |       |       |     1 ||     1
Armor: Scale mail        |    33 |    21 |    52 ||   106
       Chain mail        |       |       |   104 ||   104
Dodge: Dodged            |    20 |     9 |   177 ||   206
Block: Buckler           |    19 |       |    77 ||    96
